 Dungeon Crawl Stone Soup version 0.29-a0-994-gc5c9f59d18 (webtiles) character file.

Game seed: 6689456716841740904

335 Alarak the Magician (level 6, 0/40 HPs)
             Began as a Djinni Fire Elementalist on Aug 4, 2022.
             Killed by an exploding hound (16 damage)
             ... ignited by their inner flame
             ... on level 4 of the Dungeon.
             The game lasted 00:07:57 (4701 turns).

Alarak the Magician (Djinni Fire Elementalist)      Turns: 4701, Time: 00:07:57

Health: 0/40       AC:  3    Str:  7    XL:     6   Next: 84%
Gold:   165        EV: 12    Int: 18    God:
                   SH:  0    Dex: 14

rFire   + + .      SeeInvis .   u - +2 hand axe (flame)
rCold   x . .      Faith    .   (no shield)
rNeg    . . .      Spirit   .   a - +0 robe
rPois   ∞          Reflect  .   (no helmet)
rElec   .          Harm     .   (no cloak)
rCorr   +          Rampage  .   g - +0 pair of gloves
Will    .....                   (boots unavailable)
Stlth   ++........              (no amulet)
HPRegen 0.13/turn               j - ring of resist corrosion
MPRegen 0.00/turn               s - +4 ring of slaying

@: flying
A: sickness immunity, fire resistance 2, cold vulnerability 1, float, innate
caster, HP casting, extra vitality 1
a: no special abilities


You were on level 4 of the Dungeon.
You visited 1 branch of the dungeon, and saw 6 of its levels.

You collected 165 gold pieces.

Inventory:

Hand Weapons
 i - a +0 dagger
 u - a +2 hand axe of flaming (weapon)
Armour
 a - a +0 robe (worn)
 g - a +0 pair of gloves (worn)
 h - a +0 buckler
Jewellery
 j - a ring of resist corrosion (left hand)
 s - a +4 ring of slaying (right hand)
Wands
 d - a wand of iceblast (14)
 q - a wand of polymorph (11)
Scrolls
 e - 3 scrolls of identify
 l - a scroll of poison
 n - 2 scrolls of teleportation
 o - a scroll of enchant weapon {unknown}
 r - a scroll of fear {unknown}
 t - a scroll of magic mapping {unknown}
Potions
 b - 3 potions of curing
 c - a potion of heal wounds
 f - a potion of cancellation
 k - 2 potions of invisibility
 m - 2 potions of lignification {unknown}
 p - 2 potions of degeneration {unknown}


   Skills:
 - Level 2.1 Dodging
 - Level 1.5 Stealth
 + Level 5.5 Spellcasting


You couldn't memorise any spells.
You knew the following spells:

 Your Spells              Type           Power      Damage    Failure   Level
a - Foxfire               Conj/Fire      96%        2x1d8     1%          1
b - Scorch                Fire           48%        2d7       1%          2
c - Conjure Flame         Conj/Fire      24%        6-21      4%          3
d - Inner Flame           Hex/Fire       24%        N/A       4%          3
e - Flame Wave            Conj/Fire      24%        2d8       13%         4
f - Magic Dart            Conj           96%        1d7       1%          1
g - Passwall              Tmut/Erth      20%        N/A       1%          2
Your spell library was empty.

Dungeon Overview and Level Annotations

Branches:
Dungeon (6/15)
 Temple: D:4-7

Altars:
Zin


Innate Abilities, Weirdness & Mutations

You are immune to sickness and miasma.
You are immune to poison.
Your flesh is very heat resistant. (rF++)
You are vulnerable to cold. (rC-)
You float through the air rather than walking.
You learn spells naturally, not from books.
Your magical power is your life essence.
You have superior vitality. (+4 MHP)


Message History

Your foxfire dissipates!
A dart slug is nearby!
You conjure some foxfire!
Your foxfire dissipates!
You conjure some foxfire!
Your foxfire dissipates!
You conjure some foxfire!
The foxfire hits the dart slug.
The dart slug is moderately wounded.
You conjure some foxfire!
You conjure some foxfire!
The foxfire hits the hound.
The hound is moderately wounded.
You conjure some foxfire!
The hound bites you. The hound bites you but does no damage.
Casting: Foxfire (safe; 1% risk of failure)
Confirm with . or Enter, or press ? or * to list all spells.
Aiming: Inner Flame (dangerous; 4% risk of failure)
Press: ? - help, Dir - move target, f - hound
Aim: a hound (moderately wounded, ally target, chance to affect: 85%)
The hound is filled with an inner flame.
The hound bites you but does no damage. The hound bites you but does no damage.
The hound attacks as you move away! The hound closely misses you.
You see here a ball python skeleton.
You conjure some foxfire!
The hound bites you but does no damage. The hound bites you.
The hound attacks as you move away! The hound closely misses you.
Items here: )) [ ÷÷.
Casting: Foxfire (safe; 1% risk of failure)
Confirm with . or Enter, or press ? or * to list all spells.
Flames lash the hound.
Flame seeps out of the hound.
The hound is severely wounded.
The hound's fire resistance burns away.
The hound misses you.
There is an open door here.
Items here: ( )) ÷.
Casting: Scorch (safe; 1% risk of failure)
Confirm with . or Enter, or press ? or * to list all spells.
Flames lash the hound.
The hound is burned terribly!
The hound explodes!
The fiery explosion engulfs you! You resist.
You die...

#########'###.#
#...........#.#####
######'######....#.....#
............##....#####.#
............####### #.# .
............# #######.###
'............+ .......>..#
#............###############
#.#+#+#+#'#@#.#.#
#.#.#.#§#)#)#v#
#.#.#.#.#.#§#§#
#.#.#.#.#v#.#.#
#.#.#.#w#.#.#.#
#.#.#.#.#.#.#.#.#
#.#.#.#.#§#.#.#.#.#
#.#.#.#?#§#.#.#.#.#.
#.#.#.#.#.#.#.#.#.#.#


There were no monsters in sight!

Vanquished Creatures
  A black bear (D:4)
  A hound (D:4)
  2 orc priests (D:4)
  Ijyb (D:3)
  An orc wizard (D:4)
  4 gnolls (D:2)
  3 adders
  An ufetubus (D:6)
  A worm (D:4)
  2 dart slugs (D:2)
  2 orcs (D:4)
  3 bats
  4 endoplasms
  3 giant cockroaches
  4 goblins
  7 hobgoblins
  6 kobolds
  A quokka (D:1)
  6 ball pythons
  A frilled lizard (D:1)
  7 rats
61 creatures vanquished.

Vanquished Creatures (others)
  355 foxfires
355 creatures vanquished.

Grand Total: 416 creatures vanquished

Notes
Turn   | Place    | Note
-------+----------+-------------------------------------------
     0 | D:1      | Alarak the Djinni Fire Elementalist began the quest for the
                  | Orb.
     0 | D:1      | Alarak set off with the following spells memorised:
                  | Foxfire, Scorch, Conjure Flame, Inner Flame, Flame Wave.
     0 | D:1      | Reached XP level 1. HP: 15/15 MP: 0/0
    89 | D:1      | Reached XP level 2. HP: 13/21 MP: 0/0
   469 | D:1      | Reached skill level 3 in Spellcasting
  1029 | D:1      | Reached XP level 3. HP: 22/25 MP: 0/0
  1029 | D:1      | Learned a level 1 spell: Magic Dart
  1708 | D:2      | Reached XP level 4. HP: 20/31 MP: 0/0
  2531 | D:2      | Found a faded altar of an unknown god.
  2814 | D:2      | Reached skill level 4 in Spellcasting
  3313 | D:3      | Reached XP level 5. HP: 27/35 MP: 0/0
  3313 | D:3      | Learned a level 2 spell: Passwall
  3583 | D:3      | Found a glowing silver altar of Zin.
  3943 | D:3      | Noticed Ijyb
  3957 | D:3      | Killed Ijyb
  4231 | D:3      | You are sucked into a shaft and drop 3 floors!
  4332 | D:5      | Entered Level 5 of the Dungeon
  4333 | D:5      | Noticed a black bear
  4402 | D:4      | Reached XP level 6. HP: 28/40 MP: 0/0
  4419 | D:4      | Reached skill level 5 in Spellcasting
  4664 | D:4      | Noticed a black bear
  4672 | D:4      | Killed a black bear
  4701 | D:4      | Killed by an exploding hound... ignited by their inner
                  | flame

Illustrated notes

Levels and vault maps discovered:
D:1:      dpeg_arrival_water_altar, layout_basic
D:2:      layout_basic, ebering_ecumenical_altar_webs,
          kennysheep_generic_room_11
D:3:      layout_loops_cross, lemuel_tele_altar, serial_shops,
          nicolae_shop_advertising_works [nicolae_subvault_shop_adworks],
          serial_co_window_serial, co_window_paths_b,
          co_window_of_opportunity_a, co_window_of_opportunity_a,
          co_window_paths_a, co_window_corner_a, co_window_corner_ca,
          co_window_broadway_c, co_window_of_opportunity_b,
          co_window_broadway_b, co_window_2corner, glass_columns_b,
          dk_vineyard_2, uniq_ijyb
D:4:      layout_basic, nicolae_sif_muna_condensation, serial_shops,
          shop_statue, grunt_ministairs_9
D:5:      layout_rooms, nrook_pool_corridor
D:6:      layout_rooms, uniq_blork_the_orc

Skill      XL: |  1  2  3  4  5  6 |
---------------+-------------------+-----
Spellcasting   | 3 4 5 |  5.5
Dodging        | |  2.1
Stealth        | |  1.5

Action                   |  1- 3 |  4- 6 || total
-------------------------+-------+-------++-------
 Cast: Foxfire           |    72 |   146 ||   218
       Scorch            |       |     3 ||     3
       Inner Flame       |       |     2 ||     2
  Use: Scroll            |     4 |     3 ||     7
Armor: Robe              |     1 |     6 ||     7
Dodge: Dodged            |     1 |    14 ||    15

Table legend: (Time is in decaauts)
 A = Elapsed time spent in this place.
 B = Non-inter-level travel time spent in this place.
 C = Inter-level travel time spent in this place.
 D = Time resting spent in this place.
 E = Time spent auto-exploring this place.
 F = Levels seen in this place.
 G = Mean time per level.
                   A        B        C        D        E       F      G
               +--------+--------+--------+--------+--------+-----+--------+
         Total |   4699 |   4505 |    194 |    647 |   3450 |   6 |  783.2 |
       Dungeon |   4699 |   4505 |    194 |    647 |   3450 |   6 |  783.2 |
               +--------+--------+--------+--------+--------+-----+--------+

Top non-repeatable levels by time:
     D:1: 1621 daAuts
     D:2: 1457 daAuts
     D:3: 1153 daAuts
     D:4: 363 daAuts
     D:6: 99 daAuts
     D:5: 4 daAuts
